[Event "Tuesday 24 April Rapid Engine Tour 12+1 Rounds 9 Starts 1600ST"]
[Site "Infinity Chess"]
[Date "2018.4.24"]
[Round "5"]
[White "stormbreaker990"]
[Black "crossbones"]
[Result "1/2-1/2"]
[ECO "C26"]
[WhiteElo "2456"]
[BlackElo "2459"]
[WhiteEngine "Cryptic Heroes 9.4B"]
[BlackEngine "Cryptic Heroes 9.4B"]
[EventType "Swiss"]
[WhiteTeam ""]
[BlackTeam ""]
[PlyCount "106"]
[TimeControl "720+1"]

1. e4 e5 2. Nc3 Nf6 3. g3 Bc5 4. Nge2 Ng4 5. d4 exd4 6. Nxd4 Nxf2 7. Kxf2 Qf6+ 
8. Ke3 Nc6 9. Ncb5 O-O 10. c3 d5 11. Bg2 dxe4 12. Rf1 Qd8 13. Qh5 f5 14. Ke2 Bd7 
15. Bg5 Be8 16. Qh4 Qd5 17. Ke1 Nxd4 18. Nxd4 Bxd4 19. cxd4 Qxd4 20. Rd1 Qxb2 
21. Be3 Bb5 22. Rf2 Qc3+ 23. Bd2 Qa3 24. Bc1 Qa5+ 25. Bd2 Qb6 26. Qf4 e3 
27. Bxe3 Rae8 28. Bd5+ Kh8 29. Kd2 Qa5+ 30. Kc2 Bc6 31. Bxc6 Qxa2+ 32. Kd3 Qa6+ 
33. Kd2 Qxc6 34. Rc1 Qd7+ 35. Qd4 Qe6 36. Ke2 Rf7 37. Qxa7 Rfe7 38. Rf3 Qh6 
39. Rh1 Qc6 40. Rd1 f4 41. gxf4 Qc2+ 42. Rd2 Qc1 43. Kf2 Qh1 44. Rh3 Re6 
45. Qa4 Rxe3 46. Rxe3 Qxh2+ 47. Kf1 Qh1+ 48. Ke2 Qh5+ 49. Kd3 Qf5+ 50. Ke2 Qh5+ 
51. Kf1 Qh1+ 52. Ke2 Qh2+ 53. Kf1 Qh1+ 1/2-1/2

[Event "Tuesday 24 April Rapid Engine Tour 12+1 Rounds 9 Starts 1600ST"]
[Site "Infinity Chess"]
[Date "2018.4.24"]
[Round "5"]
[White "hafaba"]
[Black "Vimtiroba"]
[Result "1/2-1/2"]
[ECO "C77"]
[WhiteElo "2438"]
[BlackElo "2423"]
[WhiteEngine "Eman 1.70-beta21 64-bit POPCNT_CTG"]
[BlackEngine "AsmFish A10_CTG"]
[EventType "Swiss"]
[WhiteTeam ""]
[BlackTeam ""]
[PlyCount "116"]
[TimeControl "720+1"]

1. e4 e5 2. Nf3 Nc6 3. Bb5 a6 4. Ba4 Nf6 5. O-O Be7 6. Re1 b5 7. Bb3 O-O 
8. c3 d5 9. exd5 Nxd5 10. Nxe5 Nxe5 11. Rxe5 c6 12. d4 Bd6 13. Re1 Qh4 
14. g3 Qh3 15. Be3 Bg4 16. Qd3 Rae8 17. Nd2 Re6 18. a4 Qh5 19. axb5 axb5 
20. Nf1 Bf5 21. Qd2 Bh3 22. Bd1 Qg6 23. Bc2 Qh5 24. Bd1 Qg6 25. Bf3 Qf5 
26. Qd1 h5 27. Ra6 Bc7 28. Bh1 Rf6 29. Qe2 h4 30. Bd2 Re6 31. Be4 Bxf1 
32. Bxf5 Rxe2 33. Rd1 hxg3 34. hxg3 Rxd2 35. Rxd2 Bc4 36. Rxc6 Ne7 37. Rxc7 Nxf5 
38. Rc5 Nd6 39. Rd1 Ra8 40. Re1 Ra2 41. g4 f6 42. Rc6 Nf7 43. Re8+ Kh7 
44. Re7 Kg6 45. Rcc7 Rxb2 46. f4 Rb1+ 47. Kg2 Rc1 48. Red7 Rc2+ 49. Kg1 Rd2 
50. Ra7 Kh6 51. Rxf7 Bxf7 52. Rxf7 b4 53. cxb4 Rxd4 54. g5+ fxg5 55. fxg5+ Kxg5 
56. b5 Rd1+ 57. Kf2 Rd4 58. b6 Rb4 1/2-1/2

[Event "Tuesday 24 April Rapid Engine Tour 12+1 Rounds 9 Starts 1600ST"]
[Site "Infinity Chess"]
[Date "2018.4.24"]
[Round "5"]
[White "KhalidOmar"]
[Black "ocirema"]
[Result "1/2-1/2 "]
[ECO "D11"]
[WhiteElo "2429"]
[BlackElo "2442"]
[WhiteEngine "Eman 1.70-beta24 64-bit BMI2"]
[BlackEngine "Eman 1.70-beta21 64-bit POPCNT_CTG"]
[EventType "Swiss"]
[WhiteTeam ""]
[BlackTeam ""]
[PlyCount "226"]
[TimeControl "720+1"]

1. d4 d5 2. c4 c6 3. Nf3 a6 4. g3 Nf6 5. Bg2 dxc4 6. O-O b5 7. b3 cxb3 8. a4 e6 
9. Nbd2 Bb7 10. Nxb3 Nbd7 11. Ne1 Nc5 12. Nd3 Nxd3 13. Qxd3 Be7 14. Bg5 O-O 
15. Rfc1 Qc7 16. e3 Rfc8 17. Bxf6 Bxf6 18. Nc5 Rab8 19. Qb3 Be7 20. Rc2 Bf8 
21. Rac1 Bxc5 22. Rxc5 Qd8 23. Qa3 Qa5 24. Qb2 h6 25. Ra1 Qc7 26. Be4 Qd6 
27. Qc3 Qd7 28. a5 Qe7 29. Rb1 Rd8 30. Bf3 Rd6 31. Be4 Bc8 32. h3 Bd7 
33. Kh2 Rc8 34. Re1 f6 35. f4 Rf8 36. Re2 Re8 37. Qc2 Qd8 38. Qc3 Qe7 
39. Qc2 Rb8 40. Qb3 Kh8 41. Bg2 Be8 42. Rb2 Kg8 43. Bf3 Qd8 44. Qb4 Rc8 
45. Be4 Qe7 46. Rbc2 Rb8 47. Rf2 Rd7 48. Rfc2 Rc7 49. Qb3 Rd8 50. Bg2 Bf7 
51. Qc3 Be8 52. Bf3 Bg6 53. Rc1 Rb8 54. Qb2 Rbc8 55. Qb3 Bf7 56. Qc2 Rb8 
57. Bxc6 b4 58. Be4 Rxc5 59. Qxc5 Qxc5 60. dxc5 b3 61. c6 Be8 62. c7 Rc8 
63. Bd3 b2 64. Rb1 Rxc7 65. Rxb2 Rc5 66. Bxa6 Rxa5 67. Bc4 Bd7 68. Rb7 Rc5 
69. Rxd7 Rxc4 70. Kg2 Rc3 71. Kf3 Ra3 72. g4 Kf8 73. Ke4 Ra4+ 74. Kf3 Ra2 
75. Rd4 Ra5 76. Rd6 Ke7 77. Rc6 Ra2 78. h4 Rh2 79. Kg3 Rh1 80. Rc7+ Kf8 
81. Rc5 Rg1+ 82. Kf3 Rf1+ 83. Kg2 Ra1 84. h5 Ra2+ 85. Kg3 Ra1 86. f5 exf5 
87. gxf5 Rg1+ 88. Kf4 Rg5 89. e4 Rxh5 90. e5 fxe5+ 91. Kxe5 Rh1 92. Rc8+ Kf7 
93. Rc7+ Kf8 94. f6 Re1+ 95. Kd4 gxf6 96. Rh7 Rh1 97. Rc7 Rh5 98. Ke4 Kg8 
99. Kf4 Rg5 100. Rd7 Rg7 101. Rd8+ Kf7 102. Rd7+ Kg6 103. Rd8 Rb7 104. Rg8+ Kf7 
105. Rc8 Kg6 106. Rg8+ Kf7 107. Rg2 Rb5 108. Ra2 Kg6 109. Ra8 Rg5 110. Rd8 h5 
111. Rg8+ Kh6 112. Rb8 Kh7 113. Kf3 Rg8 1/2-1/2

[Event "Tuesday 24 April Rapid Engine Tour 12+1 Rounds 9 Starts 1600ST"]
[Site "Infinity Chess"]
[Date "2018.4.24"]
[Round "5"]
[White "MarioDeMonti"]
[Black "Eman"]
[Result "1/2-1/2"]
[ECO "C50"]
[WhiteElo "2450"]
[BlackElo "2440"]
[WhiteEngine "stockfish_x64_bmi2_2018_02_18_CTG"]
[BlackEngine "Eman 1.70-beta25 64-bit POPCNT"]
[EventType "Swiss"]
[WhiteTeam ""]
[BlackTeam ""]
[PlyCount "167"]
[TimeControl "720+1"]

1. e4 e5 2. Nf3 Nc6 3. Bc4 Bc5 4. O-O Nf6 5. d3 d6 6. c3 a5 7. Re1 O-O 8. h3 Ba7 
9. Nbd2 Be6 10. Bb5 Ne7 11. d4 Ng6 12. Ba4 Nh5 13. Nf1 exd4 14. Nxd4 Qh4 
15. Bc2 Nhf4 16. Nh2 Bd7 17. g3 Nxh3+ 18. Kg2 Qf6 19. Be3 Rae8 20. f4 Ngxf4+ 
21. gxf4 Qg6+ 22. Kh1 f5 23. Re2 Qh6 24. Rg2 Bc6 25. Qf3 Bxd4 26. cxd4 Rxe4 
27. Bb3+ Rf7 28. d5 Bb5 29. Bc2 Rxf4 30. Qg3 Rf6 31. Rd2 a4 32. b3 a3 
33. Re1 Rg6 34. Bxf4 Nxf4 35. Qf3 Qh4 36. Qf2 Qg5 37. Rg1 Qh6 38. Rxg6 hxg6 
39. Qe3 c5 40. b4 c4 41. Qxa3 c3 42. Qxc3 Ne2 43. Rxe2 Bxe2 44. Kg2 Bh5 
45. Bd3 Qg5+ 46. Kh1 Qe3 47. Qc4 Kh7 48. b5 Bf3+ 49. Nxf3 Qxf3+ 50. Kh2 g5 
51. Qc2 Qf4+ 52. Kg1 Qg3+ 53. Kf1 Qf3+ 54. Ke1 g6 55. a4 g4 56. a5 g3 
57. Qe2 Qh1+ 58. Kd2 g2 59. Qe7+ Kh6 60. Qe3+ f4 61. Qxf4+ Kg7 62. Qd4+ Kh7 
63. Qf2 Kg7 64. Qd4+ Kg8 65. Qg4 g1=Q 66. Qe6+ Kg7 67. Qe7+ Kh8 68. Qf8+ Kh7 
69. Qe7+ Kh6 70. Qf8+ Kg5 71. Qe7+ Kf4 72. Qxd6+ Kg5 73. Qxg6+ Kf4 74. Qf6+ Kg4 
75. Qg7+ Kf3 76. Qf7+ Kg4 77. Qg8+ Kh4 78. Qh7+ Kg3 79. Qc7+ Kf2 80. Qc5+ Kf3 
81. Qf8+ Kg4 82. Qg7+ Kf3 83. Qf8+ Kg4 84. Qg7+ 1/2-1/2

[Event "Tuesday 24 April Rapid Engine Tour 12+1 Rounds 9 Starts 1600ST"]
[Site "Infinity Chess"]
[Date "2018.4.24"]
[Round "5"]
[White "Murx"]
[Black "Time_bandit"]
[Result "1/2-1/2"]
[ECO "C65"]
[WhiteElo "2511"]
[BlackElo "2466"]
[WhiteEngine "asmFishW_2018-04-07_popcnt"]
[BlackEngine "asmFishW_2018-04-11_bmi2"]
[EventType "Swiss"]
[WhiteTeam ""]
[BlackTeam ""]
[PlyCount "136"]
[TimeControl "720+1"]

1. e4 e5 2. Nf3 Nc6 3. Bb5 Nf6 4. d3 Bc5 5. c3 O-O 6. O-O d6 7. Nbd2 Ne7 
8. d4 exd4 9. cxd4 Bb6 10. Re1 Bg4 11. h3 Bh5 12. Qb3 d5 13. e5 Nd7 14. a4 a5 
15. Qd1 f6 16. e6 Nb8 17. Nb3 Nbc6 18. g4 Bg6 19. Nc5 Nb4 20. Bf4 c6 
21. Nxb7 Qe8 22. Bf1 Nc2 23. Nc5 Nxe1 24. Qxe1 Qd8 25. Qe3 Bc7 26. Nd7 Re8 
27. Bxc7 Qxc7 28. Nd2 Qd6 29. Re1 Bc2 30. Qc3 Bxa4 31. Nb6 Bb5 32. Nxa8 Rxa8 
33. Nb3 h5 34. gxh5 a4 35. Nc5 Qf4 36. Nd7 Re8 37. Qe3 Qh4 38. Qf3 Qg5+ 
39. Kh1 Kh7 40. Kh2 Bxf1 41. Rxf1 Nf5 42. Ra1 Kh6 43. Rxa4 Qxh5 44. Qf4+ Qg5 
45. Qxg5+ Kxg5 46. Nc5 Kg6 47. Kg2 Rh8 48. b3 Kg5 49. Nd3 g6 50. Nb4 Re8 
51. Nxc6 Rxe6 52. Nb4 Rb6 53. Nxd5 Rxb3 54. Ra6 Nh4+ 55. Kf1 Rb1+ 56. Ke2 Rb2+ 
57. Kf1 Rb1+ 58. Ke2 Rb2+ 59. Ke3 Nf5+ 60. Kd3 Rxf2 61. Nxf6 Rf3+ 62. Ke4 Rxh3 
63. Kd5 Re3 64. Ne4+ Kf4 65. Nc5 g5 66. Ne6+ Kf3 67. Nxg5+ Kg4 68. Nf3 Rxf3 
1/2-1/2

[Event "Tuesday 24 April Rapid Engine Tour 12+1 Rounds 9 Starts 1600ST"]
[Site "Infinity Chess"]
[Date "2018.4.24"]
[Round "5"]
[White "Thinker"]
[Black "quicksilver"]
[Result "1/2-1/2"]
[ECO "B53"]
[WhiteElo "2479"]
[BlackElo "2570"]
[WhiteEngine "BrainFish_180418_x64_modern_CTG"]
[BlackEngine "Cryptic Heroes 9.4B"]
[EventType "Swiss"]
[WhiteTeam ""]
[BlackTeam ""]
[PlyCount "154"]
[TimeControl "720+1"]

1. e4 c5 2. Nf3 d6 3. d4 Nf6 4. Nc3 cxd4 5. Nxd4 Nc6 6. Bg5 e6 7. Qd2 Be7 
8. O-O-O O-O 9. f4 Nxd4 10. Qxd4 h6 11. Bh4 Qa5 12. Bc4 e5 13. fxe5 dxe5 
14. Qd3 Bg4 15. Rdf1 Rac8 16. Bxf6 Bxf6 17. Kb1 Be7 18. Bb3 Qc5 19. a3 Be6 
20. h4 a5 21. Nd5 b5 22. Nxe7+ Qxe7 23. Bxe6 Qxe6 24. Qxb5 Qg4 25. Rf2 Qxe4 
26. Qxa5 Rc4 27. Qe1 Qd5 28. Rd2 Qe6 29. g3 f5 30. Rf1 Kh7 31. Qe3 Rcc8 
32. Rfd1 Rc6 33. Rf2 Rb8 34. Qf3 Rf8 35. g4 f4 36. Re1 Rd6 37. b4 Qf6 
38. Rfe2 Re8 39. h5 Rd7 40. Qe4+ Kh8 41. Qf5 Qxf5 42. gxf5 Kg8 43. Ka2 Rde7 
44. Rf1 Kf7 45. c4 Kf6 46. c5 Kxf5 47. c6 e4 48. b5 Re6 49. Ref2 f3 50. Rc2 Kf4 
51. b6 e3 52. Rc4+ Re4 53. Rc3 e2 54. Rfxf3+ Ke5 55. Rc1 e1=Q 56. Rxe1 Rxe1 
57. c7 Re2+ 58. Kb3 Kd6 59. Rc3 Re1 60. c8=Q Rxc8 61. Rxc8 Rb1+ 62. Ka2 Rxb6 
63. a4 Rb4 64. Ka3 Rh4 65. a5 Rxh5 66. Kb4 Rh1 67. a6 Ra1 68. Kb5 h5 
69. Rc6+ Ke5 70. Kb6 h4 71. a7 Kf4 72. Rc8 Rb1+ 73. Kc6 Ra1 74. a8=Q Rxa8 
75. Rxa8 h3 76. Ra1 g5 77. Kd5 g4 1/2-1/2

[Event "Tuesday 24 April Rapid Engine Tour 12+1 Rounds 9 Starts 1600ST"]
[Site "Infinity Chess"]
[Date "2018.4.24"]
[Round "5"]
[White "mcstar"]
[Black "CrapCleaner"]
[Result "1-0"]
[ECO "C26"]
[WhiteElo "2550"]
[BlackElo "2470"]
[WhiteEngine "Cryptic Heroes 9.4B"]
[BlackEngine "Raubfisch ME262_GTZ17b1_CTG"]
[EventType "Swiss"]
[WhiteTeam ""]
[BlackTeam ""]
[PlyCount "227"]
[TimeControl "720+1"]

1. e4 e5 2. Nc3 Nf6 3. g3 Bc5 4. Bg2 O-O 5. Nge2 Nc6 6. O-O a5 7. Nd5 Nxd5 
8. exd5 Nd4 9. Nxd4 Bxd4 10. c3 Ba7 11. d6 c6 12. Re1 Qf6 13. d4 exd4 
14. Bf4 dxc3 15. bxc3 Qxc3 16. Be5 Qc5 17. Qd2 f6 18. Bb2 Qg5 19. Qc2 Qc5 
20. Qd2 Qg5 21. Qd1 b5 22. Re7 Ba6 23. Be4 Rf7 24. Bxh7+ Kxh7 25. Rxf7 Qf5 
26. Bd4 Bxd4 27. Qxd4 c5 28. Qf4 Qxf4 29. gxf4 b4 30. Rxd7 Bd3 31. Kg2 c4 
32. Kf3 Bf5 33. Rc7 c3 34. Rc5 g6 35. Rc7+ Kg8 36. Rd1 Kf8 37. Rd5 Be6 
38. Rdc5 a4 39. d7 Rd8 40. Rb5 Bxa2 41. Rxb4 a3 42. Rd4 Bb3 43. Ke3 a2 
44. Ra7 Kf7 45. Kd3 c2 46. Kd2 Ke6 47. h4 Kf5 48. Ra5+ Ke6 49. Ra6+ Kf7 
50. Kc1 Kg7 51. Kb2 Kh7 52. f3 Kg8 53. Ra7 Kf7 54. Rd2 Ke6 55. Rd3 Bc4 
56. Re3+ Kf7 57. Kxc2 a1=Q 58. Rxa1 Rxd7 59. Rd1 Ra7 60. Rd6 Rb7 61. Kd2 Kg7 
62. Rc3 Bg8 63. Rdc6 Rd7+ 64. Ke3 Re7+ 65. Kf2 Re8 66. Rc8 Bf7 67. Rxe8 Bxe8 
68. f5 g5 69. Rc7+ Kh6 70. hxg5+ Kxg5 71. Kg3 Ba4 72. f4+ Kxf5 73. Rc5+ Kg6 
74. Kg4 Bd1+ 75. Kh4 Be2 76. f5+ Kh7 77. Rd5 Kg8 78. Rd8+ Kg7 79. Kg3 Bb5 
80. Kf4 Ba4 81. Rd2 Kf7 82. Ra2 Bb3 83. Rb2 Bd1 84. Ke4 Ke7 85. Rd2 Ba4 
86. Ra2 Bb3 87. Rd2 Ba4 88. Kd5 Bd7 89. Rf2 Bc8 90. Kc6 Bd7+ 91. Kc7 Bb5 
92. Rf3 Bc4 93. Re3+ Kf8 94. Kd6 Ba2 95. Ra3 Bc4 96. Kc5 Bf7 97. Ra8+ Ke7 
98. Ra7+ Kf8 99. Rxf7+ Kxf7 100. Kd6 Kg8 101. Ke6 Kg7 102. Ke7 Kh8 103. Kxf6 Kg8 
104. Ke7 Kg7 105. f6+ Kg6 106. f7 Kf5 107. f8=Q+ Ke4 108. Kd6 Kd3 109. Qf3+ Kc2 
110. Kc5 Kd2 111. Kc4 Kc1 112. Kc3 Kb1 113. Qb7+ Ka1 114. Qb2# 1-0

[Event "Tuesday 24 April Rapid Engine Tour 12+1 Rounds 9 Starts 1600ST"]
[Site "Infinity Chess"]
[Date "2018.4.24"]
[Round "5"]
[White "Susanne"]
[Black "star99"]
[Result "1/2-1/2"]
[ECO "B30"]
[WhiteElo "2545"]
[BlackElo "2488"]
[WhiteEngine "asmFishW_IX_bmi2_CTG"]
[BlackEngine "Cryptic Heroes 9.4B"]
[EventType "Swiss"]
[WhiteTeam ""]
[BlackTeam ""]
[PlyCount "205"]
[TimeControl "720+1"]

1. e4 c5 2. Nf3 Nc6 3. Bb5 e6 4. O-O Nge7 5. d4 cxd4 6. Nxd4 Qb6 7. Nxc6 dxc6 
8. Bc4 Ng6 9. Kh1 Be7 10. f4 O-O 11. a4 Rd8 12. Qe2 Qc7 13. Nc3 b6 14. Be3 Bf6 
15. e5 Be7 16. a5 Bd7 17. Rf3 h6 18. Bf2 c5 19. Bg3 Nh4 20. Bxh4 Bxh4 
21. Nb5 Bxb5 22. Bxb5 g6 23. Rh3 Be7 24. Rxh6 bxa5 25. Rf1 Rab8 26. b3 a4 
27. bxa4 c4 28. Rh3 Rd4 29. c3 Rd3 30. Rxd3 cxd3 31. Qxd3 Rd8 32. Qc2 Kg7 
33. Rf3 Qc5 34. g3 Rb8 35. Kg2 Qa3 36. c4 Qc5 37. h4 Rd8 38. Rd3 Rxd3 
39. Qxd3 a6 40. Bd7 Qc7 41. Kh3 Qb7 42. Kg4 Qh1 43. Qc2 Bc5 44. Qd3 Be7 
45. c5 Bxc5 46. Qc2 a5 47. Bb5 Qe1 48. Be8 Qe3 49. Bd7 Bd4 50. Kh3 Bc3 
51. Qg2 Bd2 52. Kg4 Qd3 53. Bb5 Qf5+ 54. Kf3 Qc2 55. Kg4 Qf5+ 56. Kf3 Be1 
57. Qb2 Qh3 58. Qg2 Qf5 59. Qe2 Qb1 60. Kg2 Bb4 61. Bc6 Bc5 62. Bf3 Qg1+ 
63. Kh3 Bb4 64. Qd3 Be1 65. Bc6 Qf2 66. Be4 Qg1 67. Qf3 Qd4 68. Bc6 Qg1 
69. Qg4 Kf8 70. Bg2 Qf2 71. Qf3 Qc2 72. Qe4 Qf2 73. Qa8+ Kg7 74. Qf3 Qc2 
75. Qe4 Qd1 76. Bf3 Qd2 77. Be2 Qc3 78. Qf3 Qc2 79. Qf1 Qc3 80. Bd3 Qb3 
81. Qe2 Qc3 82. Qe4 Kf8 83. Qc4 Qd2 84. Qc5+ Kg8 85. Ba6 Kg7 86. Bb5 Bf2 
87. Qc4 Qe1 88. Qd3 Qh1+ 89. Kg4 Qg1 90. Bc6 Bb6 91. Kh3 Qa1 92. Qe2 Kh6 
93. Qf3 Qb1 94. Be4 Qe1 95. h5 gxh5 96. f5 Qf2 97. fxe6 Qxf3 98. Bxf3 fxe6 
99. g4 hxg4+ 100. Kxg4 Be3 101. Bd1 Bd4 102. Bb3 Bxe5 103. Bxe6 1/2-1/2

[Event "Tuesday 24 April Rapid Engine Tour 12+1 Rounds 9 Starts 1600ST"]
[Site "Infinity Chess"]
[Date "2018.4.24"]
[Round "4"]
[White "Katzenmaier"]
[Black "coreoptimist"]
[Result "1-0"]
[ECO "A22"]
[WhiteElo "2469"]
[BlackElo "2400"]
[WhiteEngine "Raubfisch X36e3"]
[BlackEngine "H6_Pro_x64-pext_CTG"]
[EventType "Swiss"]
[WhiteTeam ""]
[BlackTeam ""]
[PlyCount "119"]
[TimeControl "720+1"]

1. c4 e5 2. Nc3 Nf6 3. Nf3 Nc6 4. e4 Bb4 5. d3 d6 6. a3 Bxc3+ 7. bxc3 O-O 
8. g3 a6 9. a4 h6 10. Bg2 b6 11. O-O Re8 12. Ne1 Na5 13. Ra3 Nb7 14. Nc2 Nc5 
15. Ne3 c6 16. f4 Ra7 17. Ra2 a5 18. Raf2 Nh7 19. Qc2 Nf6 20. Ba3 h5 21. Rb1 Rb7 
22. f5 Rb8 23. Qd1 Ba6 24. Rfb2 Re7 25. Bf3 Reb7 26. Bxh5 Nxh5 27. Qxh5 f6 
28. Bxc5 dxc5 29. Rd1 Rd7 30. Rbd2 b5 31. axb5 cxb5 32. g4 Qe8 33. Qxe8+ Rxe8 
34. Ra1 a4 35. Nd5 Rb7 36. Kf2 bxc4 37. dxc4 Bxc4 38. Rxa4 Bxd5 39. exd5 e4 
40. Re2 Re5 41. c4 Kf7 42. Ra5 g6 43. fxg6+ Kxg6 44. h4 Rb3 45. Kg2 f5 
46. Ra6+ Kg7 47. gxf5 Rxf5 48. Rxe4 Rf7 49. Rc6 Rd3 50. h5 Ra7 51. Rg4+ Kh7 
52. Rg3 Rd4 53. Rxc5 Ra2+ 54. Kh3 Ra1 55. Rc7+ Kh6 56. Rc8 Kh7 57. Rc7+ Kh6 
58. Rc8 Kh7 59. Rg4 Rdd1 60. Kg3 1-0

[Event "Tuesday 24 April Rapid Engine Tour 12+1 Rounds 9 Starts 1600ST"]
[Site "Infinity Chess"]
[Date "2018.4.24"]
[Round "4"]
[White "KQRBNP"]
[Black "NINJA_JENGKA"]
[Result "1/2-1/2"]
[ECO "C65"]
[WhiteElo "2370"]
[BlackElo "2376"]
[WhiteEngine "Eman 1.70-beta25 64-bit POPCNT"]
[BlackEngine "Houdini 6"]
[EventType "Swiss"]
[WhiteTeam ""]
[BlackTeam ""]
[PlyCount "276"]
[TimeControl "720+1"]

1. e4 e5 2. Nf3 Nc6 3. Bb5 Nf6 4. d3 d6 5. O-O Be7 6. c3 a6 7. Ba4 O-O 8. Re1 b5 
9. Bc2 d5 10. Nbd2 dxe4 11. dxe4 Be6 12. a4 Qc8 13. b4 Rd8 14. Bb3 h6 
15. Qc2 Rb8 16. Qa2 Rd6 17. axb5 axb5 18. h3 Bf8 19. Nf1 Qe8 20. Ng3 Bxb3 
21. Qxb3 Re6 22. Rd1 Ne7 23. Ne1 Nc8 24. f3 g6 25. Be3 Nb6 26. Nd3 Rd6 
27. Nb2 Rxd1+ 28. Rxd1 Qc6 29. Rc1 h5 30. Nf1 Ne8 31. Nd2 Qd7 32. Ra1 Nd6 
33. Rc1 Qe8 34. Ra1 Ra8 35. Rc1 Ra7 36. c4 Qa8 37. Bg5 Ra3 38. Qc2 Ra2 
39. Qb3 Nd7 40. c5 Ne8 41. Rd1 Ng7 42. Nf1 Nb8 43. Rd8 Ne6 44. Rxb8 Qxb8 
45. Qxa2 Nxg5 46. Ng3 c6 47. Qa5 Qc8 48. Ne2 Ne6 49. Nd3 Qd7 50. Qa3 Bg7 
51. Qc3 Nf4 52. Nec1 Bh6 53. Kf2 Qd8 54. Kf1 Bg7 55. Kg1 Bf6 56. Kf2 Kh7 
57. Kf1 Bg7 58. Kf2 Ne6 59. Kf1 Qf6 60. Nb3 Qe7 61. Ne1 Bf6 62. Na5 Qc7 
63. Qd2 Be7 64. Qc3 Kg7 65. Nb3 Bh4 66. Nd3 Bg3 67. Ndc1 Kh7 68. Ne2 Bh4 
69. Nbc1 Bf6 70. Nd3 Qd8 71. Qc2 Qa8 72. Qb2 Bg7 73. Nf2 Qd8 74. Qc3 Kg8 
75. Qc1 Qe7 76. Qd2 Kh7 77. Qb2 Qd7 78. h4 Nf4 79. Nc1 Bh6 80. Qc3 Ne6 
81. Ne2 Qd8 82. g3 Bd2 83. Qb2 Qd7 84. Qb3 Qa7 85. Qb2 Be3 86. Kg2 Qa4 
87. Qc3 Bh6 88. Qb2 Kg8 89. Nd3 Qd1 90. Nf2 Qd7 91. Qc3 Bd2 92. Qd3 Nf8 
93. Qb3 Bh6 94. Nd3 Bg7 95. Qc3 Ne6 96. Nf2 Qa7 97. Qb2 Qe7 98. Qc2 Qc7 
99. Qd2 Bf8 100. Nh3 Qe7 101. Nf2 Kh7 102. Kf1 Bh6 103. Qb2 Nf8 104. Qb3 Kg8 
105. Kg2 Qe8 106. Qd3 Qe6 107. Nc3 Kg7 108. Nd5 Qd7 109. Nb6 Qxd3 110. Nxd3 Bd2 
111. Nxe5 Bxb4 112. Nxc6 Bxc5 113. Nd5 Nd7 114. Kf1 Nb6 115. Ndb4 Nc4 
116. Nd3 Bb6 117. Ke2 Kf6 118. Nf4 Na5 119. Nd5+ Ke6 120. Ncb4 Bd8 121. Nd3 Nb3 
122. Nc3 Nd4+ 123. Ke3 Bb6 124. Nd5 Ba7 125. g4 hxg4 126. fxg4 Nf5+ 
127. Kf4 Bb8+ 128. Kg5 Nd4 129. Nc5+ Ke5 130. Nd7+ Kxe4 131. Nc3+ Kd3 
132. Nxb5 Bg3 133. h5 Nf3+ 134. Kf6 Bf4 135. hxg6 fxg6 136. Kxg6 Kc4 
137. Kf5 Kxb5 138. Kxf4 Ng1 1/2-1/2

[Event "Tuesday 24 April Rapid Engine Tour 12+1 Rounds 9 Starts 1600ST"]
[Site "Infinity Chess"]
[Date "2018.4.24"]
[Round "4"]
[White "angriff"]
[Black "firestar"]
[Result "1/2-1/2"]
[ECO "C42"]
[WhiteElo "2396"]
[BlackElo "2293"]
[WhiteEngine "DracoREX 3.07 64BIT POPCNT_CTG"]
[BlackEngine "Cryptic Heroes 9.4B"]
[EventType "Swiss"]
[WhiteTeam ""]
[BlackTeam ""]
[PlyCount "66"]
[TimeControl "720+1"]

1. e4 e5 2. Nf3 Nf6 3. Nc3 Nc6 4. Bb5 Nd4 5. Ba4 c6 6. Nxe5 d6 7. Nf3 Bg4 
8. d3 Bh5 9. h3 Nxf3+ 10. gxf3 Be7 11. Rg1 d5 12. Bb3 O-O 13. Qd2 Re8 14. Kf1 a5 
15. a4 Bg6 16. Qf4 Ra6 17. Qh2 Bd6 18. Bf4 Bxf4 19. Qxf4 Rb6 20. Re1 h6 
21. exd5 Bxd3+ 22. Kg2 Rxe1 23. Rxe1 cxd5 24. Re5 Rb4 25. Qd2 Qd6 26. Nxd5 Rxb3 
27. cxb3 Qxe5 28. Nxf6+ Qxf6 29. Qxd3 Qg5+ 30. Kf1 Qc1+ 31. Kg2 Qg5+ 
32. Kf1 Qc1+ 33. Kg2 Qg5+ 1/2-1/2

[Event "Tuesday 24 April Rapid Engine Tour 12+1 Rounds 9 Starts 1600ST"]
[Site "Infinity Chess"]
[Date "2018.4.24"]
[Round "4"]
[White "MedusaV3"]
[Black "draxlord"]
[Result "1/2-1/2"]
[ECO "D00"]
[WhiteElo "2431"]
[BlackElo "2367"]
[WhiteEngine "Eman 1.70-beta23 64-bit BMI2_CTG"]
[BlackEngine "Cryptic Heroes 9.4B"]
[EventType "Swiss"]
[WhiteTeam ""]
[BlackTeam ""]
[PlyCount "93"]
[TimeControl "720+1"]

1. d4 d5 2. e3 e6 3. Nf3 Nf6 4. c4 Be7 5. Be2 O-O 6. O-O b6 7. b3 Bb7 
8. Bb2 dxc4 9. Bxc4 Nbd7 10. Nbd2 c5 11. Rc1 a6 12. a4 cxd4 13. Bxd4 Ba3 
14. Rc2 Bb4 15. h3 Qe7 16. Qa1 Rac8 17. Rfc1 Ba3 18. Bb2 Bxb2 19. Qxb2 a5 
20. Nd4 h6 21. Bf1 Rxc2 22. Rxc2 Nc5 23. Nc4 Nfd7 24. Nb5 Bd5 25. Rd2 Rb8 
26. Rd4 Ne4 27. Nc7 Nef6 28. Nb5 Nc5 29. Nc3 Nce4 30. Nb5 Bxc4 31. Bxc4 Rd8 
32. f3 Nc5 33. Qd2 Rd7 34. Rxd7 Nfxd7 35. Qd4 Qg5 36. Kf2 Qd8 37. g3 Qg5 
38. Nd6 Qg6 39. e4 Qg5 40. f4 Qh5 41. Kg2 Nxb3 42. Bxb3 Qe2+ 43. Kg1 Qe1+ 
44. Kh2 Qe2+ 45. Kg1 Qe1+ 46. Kh2 Qe2+ 47. Kg1 1/2-1/2

[Event "Tuesday 24 April Rapid Engine Tour 12+1 Rounds 9 Starts 1600ST"]
[Site "Infinity Chess"]
[Date "2018.4.24"]
[Round "4"]
[White "juggernaut"]
[Black "blindfoldchess"]
[Result "1/2-1/2"]
[ECO "E12"]
[WhiteElo "2460"]
[BlackElo "2437"]
[WhiteEngine "Cryptic Heroes 9.4B"]
[BlackEngine "Cryptic Heroes 9.4B"]
[EventType "Swiss"]
[WhiteTeam ""]
[BlackTeam ""]
[PlyCount "45"]
[TimeControl "720+1"]

1. d4 Nf6 2. c4 e6 3. Nf3 b6 4. a3 Bb7 5. Bf4 Ne4 6. Nbd2 Nxd2 7. Qxd2 d6 
8. Qc2 Nd7 9. Rd1 Be7 10. e3 O-O 11. Bd3 f5 12. e4 Qe8 13. O-O Qh5 14. Qe2 Qg4 
15. exf5 Qxf4 16. Qxe6+ Rf7 17. Qxd7 Bxf3 18. gxf3 Qxf3 19. Qe6 Qg4+ 
20. Kh1 Qf3+ 21. Kg1 Qg4+ 22. Kh1 Qf3+ 23. Kg1 1/2-1/2

[Event "Tuesday 24 April Rapid Engine Tour 12+1 Rounds 9 Starts 1600ST"]
[Site "Infinity Chess"]
[Date "2018.4.24"]
[Round "4"]
[White "stormbreaker990"]
[Black "ironchess"]
[Result "1/2-1/2"]
[ECO "B23"]
[WhiteElo "2454"]
[BlackElo "2463"]
[WhiteEngine "Cryptic Heroes 9.4B"]
[BlackEngine "Cryptic Heroes 9.4B"]
[EventType "Swiss"]
[WhiteTeam ""]
[BlackTeam ""]
[PlyCount "137"]
[TimeControl "720+1"]

1. e4 c5 2. Nc3 Nc6 3. Nf3 g6 4. d4 cxd4 5. Nxd4 Bg7 6. Be3 Nf6 7. Bc4 O-O 
8. Bb3 d6 9. f3 Bd7 10. h4 h5 11. Qd2 Na5 12. O-O-O Nxb3+ 13. cxb3 a5 
14. Bh6 Bxh6 15. Qxh6 a4 16. g4 axb3 17. Kb1 Qa5 18. Nxb3 Qa7 19. gxh5 Rfc8 
20. Nc1 Rxc3 21. bxc3 Qb6+ 22. Ka1 Qc5 23. Qd2 Qxh5 24. Rhf1 Qb5 25. Rg1 Be6 
26. Rg5 Qc6 27. h5 Ra3 28. Kb2 Qa6 29. hxg6 Bxa2 30. Rb5 Be6 31. Rb4 fxg6 
32. Qg5 Kf7 33. Qb5 Qxb5 34. Rxb5 Ra7 35. Rd4 Nd7 36. Nd3 Ra2+ 37. Kc1 Rh2 
38. e5 Rh5 39. Kd2 b6 40. Re4 Rf5 41. Ke2 g5 42. Kd2 Nc5 43. Nxc5 dxc5 
44. Rxb6 Rxf3 45. Re3 Rf1 46. Rb5 c4 47. Rg3 g4 48. Rb6 Ra1 49. Ke3 Rc1 
50. Kd2 Ra1 51. Re3 Ra2+ 52. Ke1 Bf5 53. e6+ Kf6 54. Rb8 Kg5 55. Rf8 Kf4 
56. Re2 Ra1+ 57. Kf2 Rc1 58. Kg2 Rxc3 59. Rf7 Rh3 60. Kg1 c3 61. Rf2+ Rf3 
62. Rxe7 c2 63. Rc7 Rxf2 64. Kxf2 g3+ 65. Kg2 c1=Q 66. Rxc1 Bxe6 67. Rf1+ Ke4 
68. Re1+ Kf5 69. Rd1 1/2-1/2

[Event "Tuesday 24 April Rapid Engine Tour 12+1 Rounds 9 Starts 1600ST"]
[Site "Infinity Chess"]
[Date "2018.4.24"]
[Round "4"]
[White "OlivierEvan"]
[Black "mcstar"]
[Result "0-1"]
[ECO "A20"]
[WhiteElo "2412"]
[BlackElo "2463"]
[WhiteEngine "Houdini 6"]
[BlackEngine "Cryptic Heroes 9.4B"]
[EventType "Swiss"]
[WhiteTeam ""]
[BlackTeam ""]
[PlyCount "158"]
[TimeControl "720+1"]

1. c4 e5 2. g3 d5 3. Bg2 d4 4. b4 Nf6 5. Bb2 e4 6. a3 a5 7. c5 axb4 8. axb4 Rxa1 
9. Bxa1 Na6 10. Qa4+ Bd7 11. Qa3 Nd5 12. Bxd4 Ndxb4 13. Qc3 Bc6 14. Na3 Nd5 
15. Qc4 Qe7 16. Nh3 Nxc5 17. O-O Ne6 18. Nc2 Qd7 19. Bxe4 Be7 20. Bf5 O-O 
21. Bb2 g6 22. Bg4 b5 23. Qd3 Rd8 24. Nd4 Nb4 25. Qe3 Bc5 26. Bxe6 fxe6 
27. Qxe6+ Qxe6 28. Nxe6 Rxd2 29. Bc3 Rc2 30. Bxb4 Bxb4 31. Nd4 Rc5 32. Nxc6 Rxc6 
33. Rb1 Rc4 34. Kg2 c6 35. Rd1 Kf8 36. Rd7 h5 37. Nf4 Ke8 38. Rd1 Ba3 
39. Nxg6 b4 40. Ne5 Rc5 41. Nd3 Rc3 42. Kf3 b3 43. Rb1 b2 44. Ke3 Rc2 
45. Nxb2 Rxb2 46. Rxb2 Bxb2 47. Kd3 Kd7 48. e3 Kd6 49. Kc4 Bc1 50. h3 Ke5 
51. Kd3 Kd5 52. Kc2 Ba3 53. Kd3 Bb2 54. f3 c5 55. e4+ Kc6 56. Kc4 Be5 57. f4 h4 
58. gxh4 Bxf4 59. h5 Be5 60. h6 Ba1 61. h4 Bf6 62. h7 Bd4 63. h5 Bh8 64. h6 Be5 
65. h8=Q Bxh8 66. h7 Be5 67. Kd3 Kb5 68. Kd2 c4 69. Ke2 c3 70. Kd3 Kc5 
71. Ke2 Kd4 72. Kf3 c2 73. Ke2 c1=Q 74. h8=Q Bxh8 75. Kf2 Be5 76. Ke2 Kxe4 
77. Kf2 Qc2+ 78. Kf1 Kf3 79. Ke1 Qc1# 0-1